[Event "*** Titled Tuesday Blitz"]
[Site "Chess.com"]
[Date "2020.02.04"]
[Round "3"]
[White "valeriocarnicelli"]
[Black "Kosche007"]
[Result "1-0"]
[WhiteElo "2508"]
[BlackElo "2297"]
[TimeControl "180+2"]
[EndTime "13:36:05 PST"]
[Termination "valeriocarnicelli won by resignation"]

1. e4 c5 2. Nf3 d6 3. d4 cxd4 4. Nxd4 Nf6 5. Nc3 a6 6. f3 e5 7. Nb3 Be6 8. Be3 Nbd7 9. Qd2 b5 10. O-O-O b4 11. Nd5 Bxd5 12. exd5 Nb6 13. Qxb4 Nbxd5 14. Qa4+ Qd7 15. Qxd7+ Kxd7 16. Bg5 h6 17. Bxf6 Nxf6 18.
Bxa6 d5 19. Bb5+ Kc7 20. a4 Bb4 21. c3 Bd6 22. Rhe1 g5 23. Kb1 h5 24. Kc2 h4 25. h3 Kb6 26. Ra1 Rhb8 27. Bd3 Kc7 28. a5 Nd7 29. Red1 Nc5 30. Nxc5 Bxc5 31. b4 Bf2 32. b5 Bc5 33. Rdb1 f6 34. b6+ Kd6 35. b7 Ra7 36. a6 Kc6 37. Rb5 Kd6 38. Raa5 1-0

[Event "*** Titled Tuesday Blitz"]
[Site "Chess.com"]
[Date "2020.02.04"]
[Round "3"]
[White "Alopekos"]
[Black "Bulldog167"]
[Result "0-1"]
[WhiteElo "2473"]
[BlackElo "2671"]
[TimeControl "180+2"]
[EndTime "13:36:13 PST"]
[Termination "Bulldog167 won by resignation"]

1. e4 e6 2. d4 d5 3. Nc3 Bb4 4. e5 c5 5. a3 Bxc3+ 6. bxc3 Ne7 7. Qg4 Qc7 8. Qxg7 Rg8 9. Qxh7 cxd4 10. Ne2 Nbc6 11.
f4 dxc3 12. Qd3 d4 13. Nxd4 Nxd4 14. Qxd4 Bd7 15. Be3 Nf5 16. Qc5 Bc6 17. Rd1 Rd8 18. Rxd8+ Qxd8 19. Qxc3 Qh4+ 20. Kd2 Ng3 0-1

[Event "*** Titled Tuesday Blitz"]
[Site "Chess.com"]
[Date "2020.02.04"]
[Round "3"]
[White "ElHelvetico"]
[Black "Indianlad"]
[Result "0-1"]
[WhiteElo "2698"]
[BlackElo "2935"]
[TimeControl "180+2"]
[EndTime "13:36:26 PST"]
[Termination "Indianlad won by checkmate"]

1. e4 e5 2. Nf3 Nc6 3. Bb5 a6 4. Ba4 Bc5 5. c3 Nge7 6. d4 exd4 7. cxd4 Bb4+ 8. Bd2 Bxd2+ 9. Nbxd2 d5 10. e5 O-O 11.
O-O Bg4 12. h3 Bh5 13. g4 Bg6 14. Rc1 f6 15. Re1 fxe5 16. dxe5 Nb4 17. Nd4 Nec6 18. Bxc6 bxc6 19. Nxc6 Qh4 20. Nxb4 Rxf2 21. Rc3 Raf8 22.
Nxd5 h5 23. Nf1 Rxb2 24. Re2 Rb1 25. Rc1 Rxc1 26. Qxc1 hxg4 27. hxg4 Bd3 28. Rh2 Qxg4+ 29. Rg2 Qd4+ 30. Nfe3 Rf3 31. Qxc7 Rf1+ 32. Kh2 Qh4# 0-1

[Event "*** Titled Tuesday Blitz"]
[Site "Chess.com"]
[Date "2020.02.04"]
[Round "3"]
[White "hypert"]
[Black "joshdaruca"]
[Result "0-1"]
[WhiteElo "2469"]
[BlackElo "2697"]
[TimeControl "180+2"]
[EndTime "13:36:30 PST"]
[Termination "joshdaruca won by checkmate"]

1. e4 c5 2. Nf3 e6 3. d4 cxd4 4. Nxd4 Nc6 5. Nc3 Qc7 6. Be2 a6 7. O-O Nf6 8. Kh1 Nxd4 9. Qxd4 Bc5 10. Qd3 O-O 11. f4 d6 12. Bf3 Bd7 13. a4 Bc6 14.
Be3 Rfd8 15. a5 Bxe3 16. Qxe3 d5 17. exd5 Nxd5 18. Nxd5 Bxd5 19. c3 Bxf3 20. Qxf3 Rd5 21. b4 Rad8 22. Rad1 g6 23. Rxd5 Rxd5 24. Rc1 Qc4 25.
g3 h5 26. Qf1 Rd3 27. Qe1 Qd5+ 28. Kg1 Rd2 29. Qf1 Qe4 30. Re1 Qc2 31. Qf3 Rxh2 32. Rf1 Rd2 33. Qxb7 Qxc3 34. Qa8+ Kg7 35. Qf3 Rd3 36. Qe4 Rxg3+ 37. Kf2 Rh3 38. Rb1 Rh2+ 39.
Kg1 Qg3+ 40. Kf1 Qf2# 0-1

[Event "*** Titled Tuesday Blitz"]
[Site "Chess.com"]
[Date "2020.02.04"]
[Round "3"]
[White "Keaton87"]
[Black "kasparicy"]
[Result "1-0"]
[WhiteElo "2561"]
[BlackElo "2262"]
[TimeControl "180+2"]
[EndTime "13:36:30 PST"]
[Termination "Keaton87 won by resignation"]

1. d4 Nf6 2. Bg5 d5 3. Nd2 Qd6 4. c3 Ne4 5. Nxe4 dxe4 6. e3 Nc6 7. Ne2 e5 8. Ng3 exd4 9. Nxe4 Qe5 10. Bd3 dxc3 11.
Bf4 Qa5 12. Nxc3 Bb4 13. O-O O-O 14. Nd5 Bd6 15. Bxd6 cxd6 16. Qh5 h6 17. Ne7+ Kh8 18. Qxa5 Nxa5 19. Rac1 Be6 20. Rc7 b6 21. b4 1-0

[Event "*** Titled Tuesday Blitz"]
[Site "Chess.com"]
[Date "2020.02.04"]
[Round "3"]
[White "Orest_Vovk"]
[Black "Bathory44"]
[Result "0-1"]
[WhiteElo "2386"]
[BlackElo "2595"]
[TimeControl "180+2"]
[EndTime "13:36:32 PST"]
[Termination "Bathory44 won by resignation"]

1. g4 d5 2. Bg2 Bxg4 3. c4 c6 4. cxd5 Nf6 5. dxc6 Nxc6 6. Bxc6+ bxc6 7. Qa4 e5 8. d3 Qd5 9. f3 Bd7 10. Nc3 Qe6 11. h4 Rb8 12. Qxa7 Bd6 13. Nh3 h6 14. Nf2 O-O 15. Nfe4 Nd5 16. Nxd6 Qxd6 17. Nxd5 cxd5 18. Qe3 d4 19. Qf2 f5 20. Rg1 f4 21. Qg2 Rf7 22.
Qg6 Qb4+ 23. Kf2 Rb6 24. Qe4 Qe7 25. Qa8+ Rf8 26. Qd5+ Be6 27. Qxe5 Qxh4+ 28. Kf1 Bh3+ 29. Rg2 Bxg2+ 30. Kxg2 Rg6+ 0-1

[Event "*** Titled Tuesday Blitz"]
[Site "Chess.com"]
[Date "2020.02.04"]
[Round "3"]
[White "joppie2"]
[Black "MateSchmate"]
[Result "1-0"]
[WhiteElo "2901"]
[BlackElo "2498"]
[TimeControl "180+2"]
[EndTime "13:36:38 PST"]
[Termination "joppie2 won by checkmate"]

1. d4 Nf6 2. c4 e6 3. Nf3 d5 4. Nc3 Be7 5. Bg5 Nbd7 6. e3 O-O 7. Qc2 h6 8. h4 a6 9. c5 Nh7 10. Bf4 c6 11. g4 b6 12. Bd3 Nhf6 13. g5 Nh5 14.
gxh6 Nxf4 15. exf4 gxh6 16. O-O-O bxc5 17. Rdg1+ Kh8 18. Ng5 cxd4 19. Bg6 dxc3 20. Bxf7 cxb2+ 21. Kb1 Bxg5 22. hxg5 Rxf7 23. Rxh6+ Kg8 24. Qg6+ Rg7 25. Qxe6+ Rf7 26. g6 Ne5 27. gxf7+ Kf8 28. Rg8# 1-0

[Event "*** Titled Tuesday Blitz"]
[Site "Chess.com"]
[Date "2020.02.04"]
[Round "3"]
[White "RestartingChess"]
[Black "HouseOfDurin"]
[Result "1-0"]
[WhiteElo "2355"]
[BlackElo "2082"]
[TimeControl "180+2"]
[EndTime "13:36:40 PST"]
[Termination "RestartingChess won by checkmate"]

1. e4 c5 2. Nf3 Nc6 3. d4 cxd4 4. Nxd4 e5 5. Nb5 d6 6. N1c3 a6 7. Na3 b5 8. Nd5 Nf6 9. Bd3 Nxd5 10. exd5 Ne7 11.
O-O f5 12. c4 b4 13. Nc2 a5 14. b3 g6 15. a3 Bg7 16. axb4 e4 17. Ra2 exd3 18. Qxd3 O-O 19. Bd2 f4 20. Nd4 Bf5 21. Nxf5 Rxf5 22. bxa5 f3 23. a6 fxg2 24. Re1 Be5 25.
Bc3 Qb6 26. Bxe5 Rxa6 27. Bd4 Qb7 28. Rxa6 Qxa6 29. Rxe7 Qa3 30. Qe2 Qc1+ 31. Qe1 Qg5 32.
Qe6+ Kf8 33. Re8# 1-0

[Event "*** Titled Tuesday Blitz"]
[Site "Chess.com"]
[Date "2020.02.04"]
[Round "3"]
[White "rasmussvane"]
[Black "chessasuke"]
[Result "1-0"]
[WhiteElo "2877"]
[BlackElo "2668"]
[TimeControl "180+2"]
[EndTime "13:36:52 PST"]
[Termination "rasmussvane won by resignation"]

1. Nf3 e6 2. g3 b5 3. Bg2 Bb7 4. O-O Nf6 5. b3 Be7 6. c4 b4 7. d4 O-O 8. Bb2 d5 9. Nbd2 Nbd7 10. Qc2 c5 11. dxc5 Nxc5 12. Ng5 g6 13. Rad1 Rc8 14.
h4 Qb6 15. Bd4 Rfd8 16. Qb2 Nh5 17. cxd5 Bxd5 18. Nde4 Qb7 19. Bxc5 Bxc5 20. Nxc5 Rxc5 21. e4 h6 22. Nh3 Qb6 23. exd5 Nxg3 24. Rfe1 Nf5 25. dxe6 Rxd1 26. exf7+ Kxf7 27. Rxd1 1-0

[Event "*** Titled Tuesday Blitz"]
[Site "Chess.com"]
[Date "2020.02.04"]
[Round "3"]
[White "HashtagChess"]
[Black "DenishevM"]
[Result "0-1"]
[WhiteElo "1621"]
[BlackElo "2516"]
[TimeControl "180+2"]
[EndTime "13:36:53 PST"]
[Termination "DenishevM won by resignation"]

1. e4 c5 2. Nf3 d6 3. d4 cxd4 4. Nxd4 Nf6 5. Nc3 a6 6. Bg5 e6 7. f4 Qb6 8. Nb3 Nc6 9. Qf3 Be7 10. O-O-O Qc7 11. Bd3 b5 12. Rhe1 Bb7 13. Kb1 O-O 14. f5 Ne5 15. Qf1 b4 16. Ne2 a5 17. Nbd4 Nxe4 18.
Bxe7 Qxe7 19. Qf4 Nc5 20. g4 Ncxd3 21. cxd3 Ba6 22. Qg3 Rac8 23. g5 g6 24. f6 Qc7 25.
Rc1 Bxd3+ 26. Ka1 Qb6 27. Qh4 h5 28. gxh6 Kh7 29. Nf4 Qxd4 0-1

[Event "*** Titled Tuesday Blitz"]
[Site "Chess.com"]
[Date "2020.02.04"]
[Round "3"]
[White "Dhaydon19"]
[Black "David_Paravyan"]
[Result "0-1"]
[WhiteElo "2667"]
[BlackElo "2864"]
[TimeControl "180+2"]
[EndTime "13:36:57 PST"]
[Termination "David_Paravyan won by resignation"]

1. d4 Nf6 2. Nf3 d5 3. g3 Bf5 4. Bg2 c6 5. O-O h6 6. b3 e6 7.
Bb2 Bd6 8. Nbd2 O-O 9. c4 Nbd7 10. Ne5 a5 11. Qc1 Rc8 12. Ndf3 b5 13. Ba3 b4 14. Bb2 Ne4 15. Nxd7 Qxd7 16. Ne5 Bxe5 17. dxe5 Qa7 18. a3 Qb6 19. axb4 axb4 20. Bxe4 Bxe4 21. Rd1 Rfd8 22. c5 Qb5 23. Qe3 Ra8 24. f3 Bc2 25.
Rdc1 Rxa1 26. Rxa1 d4 27. Bxd4 Bxb3 28. Ra7 Qc4 29.
Bb2 Qc2 30. Qf4 Qxc5+ 0-1

[Event "*** Titled Tuesday Blitz"]
[Site "Chess.com"]
[Date "2020.02.04"]
[Round "3"]
[White "FearNoEvil12"]
[Black "benhal"]
[Result "1/2-1/2"]
[WhiteElo "2035"]
[BlackElo "2512"]
[TimeControl "180+2"]
[EndTime "13:37:00 PST"]
[Termination "Game drawn by repetition"]

1. e4 c5 2. Nc3 Nc6 3. f4 g6 4. Nf3 Bg7 5. Bc4 e6 6. f5 Nge7 7.
fxg6 hxg6 8. d3 d5 9. Bb3 d4 10. Ne2 a6 11. a4 Qc7 12. O-O Ne5 13. Bf4 Nxf3+ 14. Rxf3 Be5 15. g3 Bd7 16. Qf1 Nc6 17. Bg5 Rh5 18. Rxf7 Rxg5 19. Rf8+ Ke7 20. Rxa8 Nd8 21.
Qf3 Nf7 22. Rf1 Be8 23. Nf4 Bxf4 24. Qxf4 Qxf4 25. Rxf4 Ne5 26. Bxe6 Bxa4 27. b3 Bc6 28.
Bd5 Bxd5 29. exd5 Nd7 30. Rh8 Rxd5 31. Rh7+ Ke6 32. Rff7 Nf6 33. Rxb7 Nxh7 34. Rxh7 Re5 35. Kf2 Rf5+ 36. Ke2 Re5+ 37. Kd2 Rf5 38. Ke2 Re5+ 39.
Kf2 Rf5+ 40. Ke2 1/2-1/2

[Event "*** Titled Tuesday Blitz"]
[Site "Chess.com"]
[Date "2020.02.04"]
[Round "3"]
[White "aa175"]
[Black "FelixJoseYnojosa"]
[Result "0-1"]
[WhiteElo "2270"]
[BlackElo "2646"]
[TimeControl "180+2"]
[EndTime "13:37:03 PST"]
[Termination "FelixJoseYnojosa won on time"]

1. d4 Nf6 2. Nf3 e6 3. Bf4 c5 4. e3 Nc6 5. Nbd2 d5 6. c3 Nh5 7.
Be5 f6 8. Bg3 Nxg3 9. hxg3 e5 10. dxe5 fxe5 11. Nh4 Qf6 12. Qh5+ Qf7 13. Ng6 Rg8 14.
Nxe5 Qxh5 15. Rxh5 g6 16. Nxc6 gxh5 17. Ne5 Bf5 18.
Bb5+ Ke7 19. O-O-O h4 20. Nf1 Rd8 21. gxh4 Rxg2 22.
Ng3 Rxf2 23. Rd2 Rxd2 24. Kxd2 Ke6 25. Bd7+ Kxe5 26. Bxf5 Bh6 27. Bxh7 d4 28. cxd4+ cxd4 29. Nf5 dxe3+ 30. Ke2 Rd2+ 31. Ke1 Bf4 32. b3 Rxa2 33. Ne7 e2 34. Ng6+ Ke4 35. Ne7+ Kf3 0-1

[Event "*** Titled Tuesday Blitz"]
[Site "Chess.com"]
[Date "2020.02.04"]
[Round "3"]
[White "victormago"]
[Black "Kobalia"]
[Result "0-1"]
[WhiteElo "2421"]
[BlackElo "2625"]
[TimeControl "180+2"]
[EndTime "13:37:05 PST"]
[Termination "Kobalia won by resignation"]

1. d4 d5 2. c4 c6 3. Nc3 dxc4 4. a4 e5 5. e3 exd4 6. exd4 Be6 7. Nf3 Nf6 8. Ne5 Bb4 9. Bxc4 Bxc4 10. Nxc4 O-O 11. O-O Na6 12. Bg5 Bxc3 13. bxc3 h6 14. Bxf6 Qxf6 15.
a5 Nc7 16. Rb1 Nb5 17. Qd3 Rfd8 18. Rbd1 c5 19. Ne5 a6 20. Nf3 Rac8 21. Rfe1 cxd4 22.
cxd4 Rc3 23. Qe4 Rc6 24. Rc1 Nc3 25. Qd3 Rdc8 26. Kf1 Nd5 27. Rxc6 Qxc6 28. Qf5 Qb5+ 29. Re2 Ne3+ 0-1

[Event "*** Titled Tuesday Blitz"]
[Site "Chess.com"]
[Date "2020.02.04"]
[Round "3"]
[White "Fortitudine"]
[Black "WeAintSurePal"]
[Result "0-1"]
[WhiteElo "2214"]
[BlackElo "2392"]
[TimeControl "180+2"]
[EndTime "13:37:10 PST"]
[Termination "WeAintSurePal won by resignation"]

1. d4 d5 2. Nc3 c6 3. e4 dxe4 4. Nxe4 Nf6 5. Nxf6+ exf6 6. c3 Bd6 7. Bd3 O-O 8. Qh5 Re8+ 9. Ne2 g6 10. Qh4 Nd7 11. O-O Nf8 12. Bh6 Be6 13. Ng3 f5 14. Bg5 Be7 15. Bxe7 Qxe7 16. Qxe7 Rxe7 17. Rfe1 Rae8 18.
f3 Nd7 19. Kf2 Nb6 20. Ne2 Bc4 21. Bxc4 Nxc4 22. b3 Nb6 23. Nf4 Kg7 24. Rxe7 Rxe7 25. Re1 Rxe1 26. Kxe1 Kf6 27. Kd2 Ke7 28. c4 Nd7 29. a4 Kd6 30. b4 Nf6 31. Kd3 g5 32. Ne2 f4 33. Nc3 b6 34. Ne4+ Nxe4 35. Kxe4 Ke6 36. d5+ cxd5+ 37. cxd5+ Kd6 38. Kd4 a6 39. b5 axb5 40. axb5 f6 41. h3 f5 42. h4 gxh4 43.
Kc4 Ke5 0-1

[Event "*** Titled Tuesday Blitz"]
[Site "Chess.com"]
[Date "2020.02.04"]
[Round "3"]
[White "semchik73"]
[Black "ChainsOfFantasia"]
[Result "0-1"]
[WhiteElo "2293"]
[BlackElo "2504"]
[TimeControl "180+2"]
[EndTime "13:37:11 PST"]
[Termination "ChainsOfFantasia won by resignation"]

1. Nf3 Nf6 2. c4 e6 3. Nc3 d5 4. d4 dxc4 5. e4 Bb4 6. Bg5 b5 7. e5 h6 8. Bh4 g5 9. Nxg5 hxg5 10.
Bxg5 Nbd7 11. exf6 Bb7 12. a3 Ba5 13. Qg4 Nb6 14.
Be2 Qd6 15. h4 O-O-O 16. Rd1 Bxc3+ 17. bxc3 Qxa3 18. Qg3 Nd5 19. Bd2 Rdg8 20. Qh3 Nxf6 21. Bf3 Nd5 22. O-O Qe7 23. h5 Qf6 24. h6 Kb8 25. Kh1 Nf4 26. Bxb7 Rxh6 27. Bxf4 Rxh3+ 28. gxh3 Kxb7 29. Bg3 Qf3+ 30. Kh2 Qxc3 31. d5 b4 32. dxe6 fxe6 33. Rd7 Rc8 34. h4 b3 35. h5 b2 36.
h6 Qf6 37. h7 c3 38. Kg2 c2 39. Rd2 c1=Q 40. Rxc1 bxc1=Q 0-1

[Event "*** Titled Tuesday Blitz"]
[Site "Chess.com"]
[Date "2020.02.04"]
[Round "3"]
[White "davigator"]
[Black "StoreySniper"]
[Result "1-0"]
[WhiteElo "2267"]
[BlackElo "2387"]
[TimeControl "180+2"]
[EndTime "13:37:13 PST"]
[Termination "davigator won by resignation"]

1. e4 g6 2. Nf3 Bg7 3. Bc4 e6 4. d4 Ne7 5. O-O d5 6. exd5 exd5 7. Bd3 O-O 8. Bg5 f6 9. Bf4 Bf5 10. c3 c6 11. Na3 Nd7 12. Re1 Bxd3 13. Qxd3 Nf5 14.
Nc2 Qb6 15. Rab1 Rae8 16. b4 Rxe1+ 17. Rxe1 Qd8 18. g4 Nh6 19. h3 Nf7 20. Re6 Re8 21. Qe2 Rxe6 22. Qxe6 Nf8 23. Qe2 Qd7 24. Kg2 Ne6 25.
Bg3 Qe7 26. Qd3 Nfg5 27. Nxg5 Nxg5 28. f3 Ne6 29. Qe3 Kf7 30. Ne1 a5 31. a3 a4 32.
Nd3 b5 33. h4 h6 34. Kf2 g5 35. h5 Bf8 36. Qd2 Qd7 37. Ne1 Bd6 38. Nc2 Bxg3+ 39. Kxg3 Qd6+ 40. Kg2 Nf4+ 41. Kf2 f5 42. Ne3 fxg4 43.
fxg4 Qe6 44. Nf5 Qe4 45. Nd6+ 1-0

[Event "*** Titled Tuesday Blitz"]
[Site "Chess.com"]
[Date "2020.02.04"]
[Round "3"]
[White "FredddieCroderg"]
[Black "renehp"]
[Result "0-1"]
[WhiteElo "2101"]
[BlackElo "2366"]
[TimeControl "180+2"]
[EndTime "13:37:13 PST"]
[Termination "renehp won by resignation"]

1. d4 d5 2. c4 c6 3. Nf3 Nf6 4. Qc2 dxc4 5. Qxc4 Bg4 6. Nbd2 Nbd7 7. g3 e6 8. Bg2 Be7 9. O-O O-O 10. Re1 Rc8 11. b4 Qb6 12. Rb1 Rfe8 13. e4 Qb5 14. Qc2 Qh5 15. Rb3 Bd8 16. Nf1 Bb6 17. Bb2 h6 18. N3d2 e5 19. dxe5 Nxe5 20. Ne3 Be6 21. Rc3 Nfg4 22.
Ndf1 Rcd8 23. Nxg4 Nxg4 24. Bf3 Qg6 25. Re2 Ne5 26. Bg2 Bg4 27. Re1 Qh5 28. Kh1 Nf3 29. Re2 Nd4 0-1

[Event "*** Titled Tuesday Blitz"]
[Site "Chess.com"]
[Date "2020.02.04"]
[Round "3"]
[White "Alexander_Moskalenko"]
[Black "Everyfishknows"]
[Result "1-0"]
[WhiteElo "2830"]
[BlackElo "2324"]
[TimeControl "180+2"]
[EndTime "13:37:14 PST"]
[Termination "Alexander_Moskalenko won by resignation"]

1. e4 e5 2. Nf3 Nc6 3. Bb5 a6 4. Bxc6 dxc6 5. Nc3 f6 6. d4 exd4 7. Nxd4 c5 8. Nde2 Qxd1+ 9. Nxd1 Be6 10. Bf4 O-O-O 11. Ne3 Ne7 12. Nc3 Ng6 13. Bg3 h5 14. h4 Bd6 15. Bxd6 Rxd6 16. Rd1 Rhd8 17. Rxd6 Rxd6 18. f3 Ne5 19. Ke2 Nc6 20. Rd1 Nd4+ 21. Kf2 b5 22. a3 c6 23. Ne2 Kc7 24. c3 Nxe2 25. Rxd6 Kxd6 26. Kxe2 Ke5 27. g3 g5 28. Kf2 gxh4 29. gxh4 a5 30. Ng2 Bh3 31. Ne1 c4 32.
Ke3 Be6 33. f4+ Kd6 34. f5 Bf7 35. Kf4 c5 36. Nf3 b4 37. e5+ fxe5+ 38. Nxe5 Kd5 1-0

[Event "*** Titled Tuesday Blitz"]
[Site "Chess.com"]
[Date "2020.02.04"]
[Round "3"]
[White "Hasangatin_Ramil"]
[Black "2165149677570"]
[Result "1/2-1/2"]
[WhiteElo "2538"]
[BlackElo "2306"]
[TimeControl "180+2"]
[EndTime "13:37:16 PST"]
[Termination "Game drawn by agreement"]

1. e4 c5 2. Nf3 e6 3. g3 d5 4. exd5 exd5 5. d4 Nf6 6. Bg2 Be7 7. O-O O-O 8. Nc3 Ne4 9. dxc5 Nxc3 10.
bxc3 Bxc5 11. Be3 Bxe3 12. fxe3 Re8 13. Qd2 Nc6 14. Rad1 Be6 15. Nd4 Qg5 16. e4 Qxd2 17. Rxd2 dxe4 18. Nxc6 bxc6 19. Bxe4 Rac8 20. Bg2 Bxa2 21.
Ra1 Bd5 22. Rxa7 Bxg2 23. Kxg2 g6 24. Rdd7 Re2+ 25. Kf3 Rxc2 26. Rxf7 Rf8 27. Rxf8+ Kxf8 28.
Rxh7 Rxc3+ 29. Kf4 Rc5 30. Rc7 Kg8 31. h4 Kh8 32. g4 Kg8 33. g5 Kh8 34. Ke4 Kg8 35.
Kd4 Rd5+ 36. Kc4 Rf5 37. Rxc6 Rf4+ 38. Kd5 Rxh4 39. Ke5 Rh1 40. Kf6 Rf1+ 41. Kxg6 Rf8 42. Rc7 Ra8 43. Kh6 Rb8 44. g6 Ra8 1/2-1/2

[Event "*** Titled Tuesday Blitz"]
[Site "Chess.com"]
[Date "2020.02.04"]
[Round "3"]
[White "MartinCerveny"]
[Black "wolfje95"]
[Result "1-0"]
[WhiteElo "2589"]
[BlackElo "2378"]
[TimeControl "180+2"]
[EndTime "13:37:22 PST"]
[Termination "MartinCerveny won by resignation"]

1. d4 d5 2. c4 e6 3. Nc3 c6 4. e3 Nf6 5. Nf3 Nbd7 6. Bd3 dxc4 7. Bxc4 b5 8. Bd3 a6 9. e4 c5 10. e5 Nd5 11. Nxd5 exd5 12. O-O Be7 13. Re1 O-O 14. Bf4 cxd4 15. Qc2 h6 16. Qd2 Nc5 17.
Nxd4 Nxd3 18. Qxd3 Bb7 19. Re3 Bg5 20. Bxg5 Qxg5 21. Rae1 Rac8 22. e6 Qf6 23. Rf3 Qg5 24. h3 Rc1 25. Rxc1 Qxc1+ 26. Kh2 Qc7+ 27. Rg3 Bc8 28.
Nf5 fxe6 29. Nxg7 Rxf2 30. Nxe6+ 1-0

[Event "*** Titled Tuesday Blitz"]
[Site "Chess.com"]
[Date "2020.02.04"]
[Round "3"]
[White "ZenBull"]
[Black "Chesstrainer1"]
[Result "0-1"]
[WhiteElo "2107"]
[BlackElo "2369"]
[TimeControl "180+2"]
[EndTime "13:37:27 PST"]
[Termination "Chesstrainer1 won by resignation"]

1. Nf3 d6 2. d4 Nf6 3. c4 g6 4.
Nc3 Bg7 5. e4 O-O 6. h3 a6 7.
Bg5 c5 8. d5 b5 9. cxb5 axb5 10. Bxb5 Nxe4 11. Nxe4 Qa5+ 12. Nc3 Bxc3+ 13. bxc3 Qxb5 14.
Qe2 Qxe2+ 15. Kxe2 Ba6+ 16. Kd2 f6 17. Bh6 Rc8 18. Kc2 Nd7 19. Nd2 Nb6 20. Rhe1 Kf7 21. Be3 Nxd5 22. f4 Rc7 23. g3 h5 24. h4 Bc8 25. Bf2 Bf5+ 26. Ne4 Rca7 27. Kb2 Bxe4 28.
Rxe4 Rxa2+ 29. Rxa2 Rxa2+ 30. Kxa2 Nxc3+ 31. Kb3 Nxe4 32. Be1 d5 33. Kc2 Ke6 34. Kd3 Kf5 35. Ba5 Nxg3 36. Bd8 e6 37. Be7 Ne4 38. Ke3 Kg4 0-1

[Event "*** Titled Tuesday Blitz"]
[Site "Chess.com"]
[Date "2020.02.04"]
[Round "3"]
[White "DonBroca"]
[Black "SARGISMV"]
[Result "0-1"]
[WhiteElo "2165"]
[BlackElo "2381"]
[TimeControl "180+2"]
[EndTime "13:37:31 PST"]
[Termination "SARGISMV won by resignation"]

1. e4 c5 2. Nf3 Nc6 3. d4 cxd4 4. Nxd4 e5 5. Nb5 d6 6. N1c3 a6 7. Na3 b5 8. Nd5 Nce7 9. Ne3 f5 10. exf5 Nxf5 11.
Nxf5 Bxf5 12. Be3 Nf6 13. c3 d5 14. Bd3 Bxd3 15. Qxd3 Bxa3 16. bxa3 O-O 17. O-O Qc7 18. Bg5 Rad8 19. Bxf6 Rxf6 20. Rad1 Rh6 21. Rfe1 Rg6 22. g3 Rc6 23. Qe3 e4 24. Rc1 Rf6 25. Qd4 Rf3 26.
Re3 Rxe3 27. Qxe3 Qc4 28. Qd4 Qxa2 29. Qb4 Rf8 30. Rf1 h5 31. Qd6 Rf6 32. Qd8+ Kh7 33. Qa5 h4 34. Qb4 h3 35. Qd4 Qe2 36. Qe5 Qf3 0-1

[Event "*** Titled Tuesday Blitz"]
[Site "Chess.com"]
[Date "2020.02.04"]
[Round "3"]
[White "lilleper1"]
[Black "GadimbayliA"]
[Result "0-1"]
[WhiteElo "2685"]
[BlackElo "2914"]
[TimeControl "180+2"]
[EndTime "13:37:33 PST"]
[Termination "GadimbayliA won by resignation"]

1. e4 e5 2. Nf3 d5 3. exd5 e4 4. Ng1 Qxd5 5. Nc3 Qe5 6. Nge2 Nf6 7. d4 exd3 8. cxd3 Bb4 9. Bf4 Qe7 10. Qb3 Nc6 11.
a3 Be6 12. Qc2 Bc5 13. Ne4 Nxe4 14. dxe4 O-O 15. g3 g5 16. Bd2 Bg4 17. O-O-O Bf3 18. Rg1 Rad8 19. Nc3 Bxf2 20. Bb5 Nd4 21. Qa4 Bxg1 22.
Rxg1 Qc5 23. Bd3 Ne2+ 24. Bxe2 Qxg1+ 0-1

[Event "*** Titled Tuesday Blitz"]
[Site "Chess.com"]
[Date "2020.02.04"]
[Round "3"]
[White "IMTominho"]
[Black "SoltaniciR"]
[Result "1-0"]
[WhiteElo "2791"]
[BlackElo "2489"]
[TimeControl "180+2"]
[EndTime "13:37:36 PST"]
[Termination "IMTominho won by resignation"]

1. d4 Nf6 2. c4 e6 3. Nf3 b6 4. g3 Ba6 5. b3 Bb4+ 6. Bd2 Be7 7. Bg2 d5 8. Nc3 O-O 9. cxd5 exd5 10. O-O Re8 11.
Ne5 Bb7 12. Rc1 c5 13. dxc5 Bxc5 14. Nd3 Ba3 15. Rc2 Nc6 16. Nb5 Bf8 17. Bg5 a6 18.
Nc3 Nd4 19. Rd2 h6 20. Bxf6 Qxf6 21. Nf4 Nf3+ 22. Bxf3 Qxc3 23. Bxd5 Bxd5 24. Nxd5 Qc5 25. Qc2 Qxc2 26. Rxc2 Rac8 27. Rfc1 Rxc2 28. Rxc2 b5 29.
e3 Rd8 30. Nf4 g5 31. Ne2 Rd1+ 32. Kg2 b4 33. g4 a5 34. Nd4 Bg7 35. Nf5 Kh7 36. Rc7 Kg6 37. Rc6+ Bf6 38. Ra6 Rd5 39. Ne7+ 1-0

[Event "*** Titled Tuesday Blitz"]
[Site "Chess.com"]
[Date "2020.02.04"]
[Round "3"]
[White "goldenspine"]
[Black "gemarin"]
[Result "0-1"]
[WhiteElo "2338"]
[BlackElo "2095"]
[TimeControl "180+2"]
[EndTime "13:37:37 PST"]
[Termination "gemarin won by resignation"]

1. d4 d5 2. c4 c6 3. Nc3 Nf6 4. e3 e6 5. Bd3 Nbd7 6. Nf3 dxc4 7. Bxc4 b5 8. Bd3 a6 9. O-O c5 10. Re1 Bb7 11. Qe2 Be7 12. e4 cxd4 13. Nxd4 Nc5 14. Ndxb5 axb5 15. Bxb5+ Nfd7 16. Rd1 Bc8 17. b4 Na6 18.
Bc6 Ra7 19. b5 Nb8 20. Be3 Ra3 21. Qb2 O-O 22. Nb1 Ra5 23. Bd2 Ra4 24. Bc3 Bf6 25.
b6 Nxc6 26. e5 Ncxe5 27. b7 Bxb7 28. Qxb7 Qc8 29. Qb3 Qa8 30. Nd2 Rg4 31. f3 Nxf3+ 32. Nxf3 Qxf3 33. Rd2 Bxc3 34. Kh1 Qf6 0-1

[Event "*** Titled Tuesday Blitz"]
[Site "Chess.com"]
[Date "2020.02.04"]
[Round "3"]
[White "Sven_Tica"]
[Black "MatthewG-p4p"]
[Result "0-1"]
[WhiteElo "2642"]
[BlackElo "2821"]
[TimeControl "180+2"]
[EndTime "13:37:38 PST"]
[Termination "MatthewG-p4p won by resignation"]

1. d4 Nf6 2. c4 c5 3. d5 e6 4. Nc3 exd5 5. cxd5 d6 6. g3 g6 7. Bg2 Bg7 8. Nf3 O-O 9. O-O Re8 10. Bf4 Ne4 11. Nxe4 Rxe4 12. Nd2 Rxf4 13. gxf4 Bxb2 14. Rb1 Bg7 15. e4 Qh4 16. e5 Qxf4 17. e6 fxe6 18. dxe6 Nc6 19. Re1 Be5 20. Nf3 Bxe6 21. Nxe5 Nxe5 22.
Re4 Qf8 23. f4 Bg4 24. Qd5+ Qf7 25. Qxd6 Nf3+ 26. Kf2 Qxa2+ 27. Kg3 Qxb1 28. Qd5+ Kh8 29. Kxg4 Nd4 30. Qe5+ Kg8 31. Rxd4 Qf5+ 0-1

[Event "*** Titled Tuesday Blitz"]
[Site "Chess.com"]
[Date "2020.02.04"]
[Round "3"]
[White "Gordima"]
[Black "Barcelona_Guy"]
[Result "1-0"]
[WhiteElo "2812"]
[BlackElo "2638"]
[TimeControl "180+2"]
[EndTime "13:37:40 PST"]
[Termination "Gordima won by resignation"]

1. d4 Nf6 2. c4 g6 3. f3 e6 4. Nc3 c5 5. d5 d6 6. e4 exd5 7. cxd5 Bg7 8. Nge2 O-O 9. Ng3 a6 10. a4 Nh5 11. Nxh5 gxh5 12. Bd3 f5 13. O-O f4 14. Ne2 Be5 15. Qe1 Nd7 16. Rb1 Rb8 17.
a5 b5 18. axb6 Rxb6 19. Kh1 Kh8 20. b3 Qf6 21. g3 fxg3 22. hxg3 c4 23. bxc4 Rxb1 24.
Bxb1 Nc5 25. f4 h4 26. Rg1 Bg4 27. fxe5 Qf3+ 28. Kh2 Qf2+ 29. Qxf2 Rxf2+ 30. Rg2 hxg3+ 31. Nxg3 1-0

[Event "*** Titled Tuesday Blitz"]
[Site "Chess.com"]
[Date "2020.02.04"]
[Round "3"]
[White "AdrianaNikolova"]
[Black "VALPARAISO37"]
[Result "0-1"]
[WhiteElo "2363"]
[BlackElo "2252"]
[TimeControl "180+2"]
[EndTime "13:37:40 PST"]
[Termination "VALPARAISO37 won by resignation"]

1. e4 e5 2. Nf3 Nc6 3. Bb5 g6 4. Nc3 Bg7 5. d4 Nxd4 6. Bc4 Nxf3+ 7. Qxf3 Nf6 8. Bg5 h6 9. Bxf6 Qxf6 10. Nb5 Qxf3 11. gxf3 O-O 12. Nxc7 Rb8 13. O-O-O b6 14. Rd3 h5 15. Rhd1 Kh7 16. Bb5 a6 17. Bxd7 Bxd7 18.
Rxd7 a5 19. Nd5 Kh6 20. Rd6 b5 21. Ra6 a4 22. Ra7 Kg5 23. Rg1+ Kh4 24. Kd1 Kh3 25. Ne3 Kxh2 26. Rg2+ Kh3 27. Rg3+ Kh2 28. Ke2 Bh6 29. Nf1+ Kh1 30. Re7 Bf4 31. Rh3+ Kg2 32. Rh4 Rbc8 33.
c3 b4 34. Rd7 bxc3 35. Rd1 c2 36. Ne3+ Bxe3 37. Rdh1 Bf4 0-1